TOP OF THE 1ST |
Seattle Mariners batting - Pitching for Toronto Blue Jays : LHP Thomas Linnert
|
Pitching: LHP Thomas Linnert
|
|
Batting: SHB Miguel Dilone
|
0-0: Ball 1-0: Called Strike 1-1: Ball 2-1: Ball 3-1: Base on Balls
|
Batting: RHB Paul Runge
|
0-0: Called Strike 0-1: Ball 1-1: Ball 2-1: SINGLE (Line Drive, 5D, EV 100.6 MPH) Miguel Dilone to second Throwing error, E7 Miguel Dilone scores Paul Runge to second
|
Batting: RHB Robin Yount
|
0-0: Swinging Strike 0-1: Called Strike 0-2: Strikes out swinging
|
Batting: RHB Bobby Bonds
|
0-0: Ball 1-0: Called Strike 1-1: Foul Ball, location: 2F 1-2: Ball 2-2: Strikes out looking
|
Batting: LHB Mike Stenhouse
|
0-0: Foul Ball, location: 2F 0-1: Foul Ball, location: 2F 0-2: Ball 1-2: Fly out, F5 (Line Drive, 5, EV 76.9 MPH)
|
Top of the 1st over - 1 run, 1 hit, 1 error, 1 left on base; Seattle 1 - Toronto 0 |
BOTTOM OF THE 1ST |
Toronto Blue Jays batting - Pitching for Seattle Mariners : LHP Rich Rodas
|
Pitching: LHP Rich Rodas
|
|
Batting: SHB Harold Reynolds
|
0-0: Bunt missed! 0-1: Ball 1-1: Ball 2-1: Fly out, F4 (Line Drive, 4, EV 71.9 MPH)
|
Batting: RHB Jose Gonzalez
|
0-0: Ground out 6-3 (Groundball, 6M, EV 110.6 MPH)
|
Batting: RHB Andres Galarraga
|
0-0: Called Strike 0-1: Ball 1-1: Called Strike 1-2: Ball 2-2: Fly out, F9 (Flyball, 9D, EV 110.0 MPH)
|
Bottom of the 1st over - 0 runs, 0 hits, 0 errors, 0 left on base; Seattle 1 - Toronto 0 |
TOP OF THE 2ND |
Seattle Mariners batting - Pitching for Toronto Blue Jays : LHP Thomas Linnert
|
Batting: RHB John Rabb
|
0-0: Ball 1-0: Swinging Strike 1-1: Ball 2-1: Ball 3-1: Base on Balls
|
Batting: LHB Ivan Flores
|
0-0: Foul Ball, location: 2F 0-1: Ball 1-1: DOUBLE (Line Drive, 7LS, EV 99.4 MPH) John Rabb to third Runner from 3rd tries for Home, SAFE, no throw by LF
|
Batting: LHB Rich Gedman
|
0-0: Called Strike 0-1: Ball 1-1: Ball 2-1: Swinging Strike 2-2: Fly out, F8 (Line Drive, 8LD, EV 86.3 MPH) Runner from 2nd tags up, OUT at 3rd! 8-5
|
Batting: RHB Kurt Cunningham
|
0-0: Called Strike 0-1: Called Strike 0-2: Ground out 2-3 (Groundball, 2L, EV 63.1 MPH)
|
Top of the 2nd over - 1 run, 1 hit, 0 errors, 0 left on base; Seattle 2 - Toronto 0 |
BOTTOM OF THE 2ND |
Toronto Blue Jays batting - Pitching for Seattle Mariners : LHP Rich Rodas
|
Batting: RHB Juan Monasterio
|
0-0: Called Strike 0-1: Ball 1-1: Ball 2-1: Foul Ball, location: 2F 2-2: Ball 3-2: Foul Ball, location: 2F 3-2: Base on Balls
|
Batting: RHB Jose Canseco
|
0-0: Ball 1-0: Fly out, F4 (Popup, 3DF, EV 50.0 MPH)
|
Batting: RHB Cal Ripken
|
Pickoff Throw to First - Out! 1-3 0-0: Ball 1-0: Ball 2-0: Called Strike 2-1: Ball 3-1: Foul Ball, location: 2F 3-2: Base on Balls
|
Batting: RHB Hubie Brooks
|
0-0: Ball 1-0: Ball 2-0: Fielders Choice at 2nd, 6-4 (Groundball, 6, EV 105.6 MPH)
|
Bottom of the 2nd over - 0 runs, 0 hits, 0 errors, 1 left on base; Seattle 2 - Toronto 0 |
TOP OF THE 3RD |
Seattle Mariners batting - Pitching for Toronto Blue Jays : LHP Thomas Linnert
|
Batting: SHB Miguel Dilone
|
0-0: Ball 1-0: SINGLE (Line Drive, 4D, EV 101.9 MPH)
|
Batting: RHB Paul Runge
|
0-0: Called Strike Miguel Dilone steals 2nd, throwing error, E2 Miguel Dilone to third 0-1: Ball 1-1: Ball 2-1: Foul Ball, location: 2F 2-2: Strikes out swinging passed ball, reaches first! Miguel Dilone scores
|
Batting: RHB Robin Yount
|
0-0: Fly out, F7 (Flyball, 7, EV 92.5 MPH)
|
Batting: RHB Bobby Bonds
|
0-0: Swinging Strike 0-1: Ball 1-1: Fly out, F7 (Flyball, 7, EV 98.1 MPH)
|
Batting: LHB Mike Stenhouse
|
0-0: Ball 1-0: Ball 2-0: Ball 3-0: Called Strike 3-1: Called Strike 3-2: Fly out, F8 (Line Drive, 8LM, EV 88.1 MPH)
|
Top of the 3rd over - 1 run, 1 hit, 1 error, 1 left on base; Seattle 3 - Toronto 0 |
BOTTOM OF THE 3RD |
Toronto Blue Jays batting - Pitching for Seattle Mariners : LHP Rich Rodas
|
Batting: RHB Fritzie Connally
|
0-0: Ball 1-0: Ground out 5-3 (Groundball, 56, EV 83.8 MPH)
|
Batting: LHB Darryl Strawberry
|
0-0: Ball 1-0: Called Strike 1-1: Ball 2-1: Bunted foul 2-2: Ball 3-2: Foul Ball, location: 2F 3-2: Foul Ball, location: 2F 3-2: Ground out 4-3 (Groundball, 4MD, EV 96.9 MPH)
|
Batting: SHB Harold Reynolds
|
0-0: SINGLE (Line Drive, 89M, EV 92.5 MPH)
|
Batting: RHB Jose Gonzalez
|
0-0: Ball 1-0: 2-RUN HOME RUN (Flyball, 7D, EV 110.0 MPH), Distance : 373 ft
|
Batting: RHB Andres Galarraga
|
0-0: Foul Ball, location: 2F 0-1: Ball 1-1: Called Strike 1-2: Foul Ball, location: 2F 1-2: Ball 2-2: Ball 3-2: Fly out, F5 (Line Drive, 5, EV 70.6 MPH)
|
Bottom of the 3rd over - 2 runs, 2 hits, 0 errors, 0 left on base; Seattle 3 - Toronto 2 |
TOP OF THE 4TH |
Seattle Mariners batting - Pitching for Toronto Blue Jays : LHP Thomas Linnert
|
Batting: RHB John Rabb
|
0-0: Ball 1-0: Foul Ball, location: 2F 1-1: Foul Ball, location: 2F 1-2: Ball 2-2: SINGLE (Line Drive, 8LS, EV 90.6 MPH)
|
Batting: LHB Ivan Flores
|
0-0: Ball 1-0: Foul Ball, location: 2F 1-1: Ball 2-1: Ball 3-1: Fly out, F8 (Flyball, 8RM, EV 80.6 MPH)
|
Batting: LHB Rich Gedman
|
0-0: Ball 1-0: Swinging Strike 1-1: Swinging Strike 1-2: Strikes out swinging
|
Batting: RHB Kurt Cunningham
|
0-0: Ball 1-0: Called Strike John Rabb steals 2nd base 1-1: Called Strike 1-2: Ball 2-2: Foul Ball, location: 2F 2-2: Strikes out swinging
|
Top of the 4th over - 0 runs, 1 hit, 0 errors, 1 left on base; Seattle 3 - Toronto 2 |
BOTTOM OF THE 4TH |
Toronto Blue Jays batting - Pitching for Seattle Mariners : LHP Rich Rodas
|
Batting: RHB Juan Monasterio
|
0-0: Ground out 5-3 (Groundball, 56, EV 111.3 MPH)
|
Batting: RHB Jose Canseco
|
0-0: Ball 1-0: Ball 2-0: Called Strike 2-1: Foul Ball, location: 2F 2-2: Strikes out looking
|
Batting: RHB Cal Ripken
|
0-0: Ground out 1-3 (Groundball, P, EV 66.3 MPH)
|
Bottom of the 4th over - 0 runs, 0 hits, 0 errors, 0 left on base; Seattle 3 - Toronto 2 |
TOP OF THE 5TH |
Seattle Mariners batting - Pitching for Toronto Blue Jays : LHP Thomas Linnert
|
Pitching: LHP Pete Filson
|
|
Batting: SHB Miguel Dilone
|
0-0: Ball 1-0: Called Strike 1-1: Ball 2-1: Fly out, F3 (Popup, 3SF, EV 68.1 MPH)
|
Batting: RHB Paul Runge
|
0-0: Ball 1-0: Fly out, F4 (Flyball, 34D, EV 74.4 MPH)
|
Batting: RHB Robin Yount
|
0-0: Ball 1-0: Swinging Strike 1-1: Swinging Strike 1-2: Ball 2-2: Foul Ball, location: 2F 2-2: Ball 3-2: Ground out 6-3 (Groundball, 6M, EV 77.5 MPH)
|
Top of the 5th over - 0 runs, 0 hits, 0 errors, 0 left on base; Seattle 3 - Toronto 2 |
BOTTOM OF THE 5TH |
Toronto Blue Jays batting - Pitching for Seattle Mariners : LHP Rich Rodas
|
Pitching: LHP Jerry Gomez
|
|
Batting: RHB Hubie Brooks
|
0-0: Swinging Strike 0-1: Ball 1-1: Ball 2-1: Foul Ball, location: 2F 2-2: Ground out 6-3 (Groundball, 6, EV 88.1 MPH)
|
Batting: RHB Fritzie Connally
|
0-0: Foul Ball, location: 2F 0-1: Ground out 5-3 (Groundball, 56, EV 102.5 MPH)
|
Batting: LHB Darryl Strawberry
|
0-0: Called Strike 0-1: Swinging Strike 0-2: Ball 1-2: Ball 2-2: Fly out, F8 (Line Drive, 8LM, EV 85.6 MPH)
|
Bottom of the 5th over - 0 runs, 0 hits, 0 errors, 0 left on base; Seattle 3 - Toronto 2 |
TOP OF THE 6TH |
Seattle Mariners batting - Pitching for Toronto Blue Jays : LHP Pete Filson
|
Batting: RHB Bobby Bonds
|
0-0: Ball 1-0: Fly out, F4 (Popup, 23, EV 91.3 MPH)
|
Batting: LHB Mike Stenhouse
|
0-0: Called Strike 0-1: Ground out U3 (Groundball, 34, EV 81.3 MPH)
|
Batting: RHB John Rabb
|
0-0: Ball 1-0: Foul Ball, location: 2F 1-1: Called Strike 1-2: Foul Ball, location: 2F 1-2: Strikes out looking
|
Top of the 6th over - 0 runs, 0 hits, 0 errors, 0 left on base; Seattle 3 - Toronto 2 |
BOTTOM OF THE 6TH |
Toronto Blue Jays batting - Pitching for Seattle Mariners : LHP Jerry Gomez
|
Batting: SHB Harold Reynolds
|
0-0: Fly out, F8 (Flyball, 8LXD, EV 105.6 MPH)
|
Batting: RHB Jose Gonzalez
|
0-0: Called Strike 0-1: Fly out, F2 (Popup, 23F, EV 81.9 MPH)
|
Batting: RHB Andres Galarraga
|
0-0: Ball 1-0: Called Strike 1-1: Ball 2-1: Foul Ball, location: 2F 2-2: Ball 3-2: Base on Balls
|
Batting: RHB Juan Monasterio
|
0-0: Called Strike 0-1: Called Strike 0-2: Strikes out swinging
|
Bottom of the 6th over - 0 runs, 0 hits, 0 errors, 1 left on base; Seattle 3 - Toronto 2 |
TOP OF THE 7TH |
Seattle Mariners batting - Pitching for Toronto Blue Jays : LHP Pete Filson
|
Batting: LHB Ivan Flores
|
0-0: SINGLE (Groundball, 34D, EV 105.0 MPH)
|
Batting: LHB Rich Gedman
|
0-0: Ball 1-0: Fly out, F8 (Flyball, 8RM, EV 81.3 MPH)
|
Batting: RHB Kurt Cunningham
|
0-0: Grounds into double play, 4-6-3 (Groundball, 4, EV 76.3 MPH)
|
Top of the 7th over - 0 runs, 1 hit, 0 errors, 0 left on base; Seattle 3 - Toronto 2 |
BOTTOM OF THE 7TH |
Toronto Blue Jays batting - Pitching for Seattle Mariners : LHP Jerry Gomez
|
Pitching: RHP Nick Bowditch
|
|
Batting: RHB Jose Canseco
|
0-0: Called Strike 0-1: Called Strike 0-2: Ball 1-2: Fly out, F4 (Popup, 23, EV 85.0 MPH)
|
Batting: RHB Cal Ripken
|
0-0: Called Strike 0-1: Ball 1-1: Foul Ball, location: 2F 1-2: Ball 2-2: Ball 3-2: Foul Ball, location: 2F 3-2: Fly out, F7 (Flyball, 78S, EV 83.8 MPH)
|
Batting: RHB Hubie Brooks
|
0-0: Called Strike 0-1: Foul Ball, location: 2F 0-2: Foul Ball, location: 2F 0-2: Ball 1-2: SINGLE (Groundball, 56, EV 108.1 MPH) (infield hit)
|
Pinch Hitting: LHB Sheldon Mallory
|
0-0: Called Strike Hubie Brooks is caught stealing 2nd base 2-6
|
Bottom of the 7th over - 0 runs, 1 hit, 0 errors, 0 left on base; Seattle 3 - Toronto 2 |
TOP OF THE 8TH |
Seattle Mariners batting - Pitching for Toronto Blue Jays : LHP Pete Filson
|
Now at 1B: Sheldon Mallory
|
|
Pinch Hitting: RHB Ramon Estepa
|
0-0: Ball 1-0: Called Strike 1-1: Ball 2-1: Called Strike 2-2: Strikes out swinging
|
Pinch Hitting: RHB Ryne Sandberg
|
0-0: Ball 1-0: Ball 2-0: Ground out 6-3 (Groundball, 15, EV 86.9 MPH)
|
Pinch Hitting: LHB Glen Franklin
|
0-0: Called Strike 0-1: Fly out, F9 (Flyball, 89S, EV 81.9 MPH)
|
Top of the 8th over - 0 runs, 0 hits, 0 errors, 0 left on base; Seattle 3 - Toronto 2 |
BOTTOM OF THE 8TH |
Toronto Blue Jays batting - Pitching for Seattle Mariners : RHP Nick Bowditch
|
Now at 2B: Ryne Sandberg
|
|
Now at SS: Glen Franklin
|
|
Now in CF: Ramon Estepa
|
|
Batting: LHB Sheldon Mallory
|
0-0: Called Strike 0-1: Foul Ball, location: 2F 0-2: Strikes out looking
|
Batting: LHB Darryl Strawberry
|
0-0: Called Strike 0-1: Ball 1-1: Swinging Strike 1-2: Ball 2-2: Strikes out swinging
|
Pinch Hitting: RHB Jose Carrillo
|
0-0: Hit by Pitch
|
Pinch Hitting: LHB Ray Cosey
|
0-0: Foul Ball, location: 2F 0-1: Foul Ball, location: 2F 0-2: Ball 1-2: Foul Ball, location: 2F 1-2: Ball 2-2: Fly out, F8 (Line Drive, 8RD, EV 105.0 MPH)
|
Bottom of the 8th over - 0 runs, 0 hits, 0 errors, 1 left on base; Seattle 3 - Toronto 2 |
TOP OF THE 9TH |
Seattle Mariners batting - Pitching for Toronto Blue Jays : LHP Pete Filson
|
Now at 2B: Jose Carrillo
|
|
Now in CF: Ray Cosey
|
|
Pinch Hitting: RHB Tony Conigliaro
|
0-0: Called Strike 0-1: Called Strike 0-2: Foul Ball, location: 2F 0-2: Ball 1-2: Strikes out swinging
|
Pinch Hitting: LHB Don Mattingly
|
0-0: Called Strike 0-1: Foul Ball, location: 2F 0-2: Ball 1-2: Ground out U3 (Groundball, 34S, EV 84.4 MPH)
|
Pinch Hitting: RHB Ozzie Virgil
|
0-0: Swinging Strike 0-1: Foul Ball, location: 2F 0-2: Ball 1-2: Fly out, F9 (Flyball, 9, EV 88.8 MPH)
|
Top of the 9th over - 0 runs, 0 hits, 0 errors, 0 left on base; Seattle 3 - Toronto 2 |
BOTTOM OF THE 9TH |
Toronto Blue Jays batting - Pitching for Seattle Mariners : RHP Nick Bowditch
|
Now at C: Ozzie Virgil
|
|
Now in LF: Don Mattingly
|
|
Now in RF: Tony Conigliaro
|
|
Pinch Hitting: RHB Dann Bilardello
|
0-0: Hit by Pitch
|
Pitching: RHP Timothy Jones
|
|
Pinch Hitting: RHB Jeremy Nelson
|
0-0: Ball 1-0: SINGLE (Line Drive, 34, EV 109.4 MPH) Dann Bilardello to second Runner from 2nd tries for 3rd, SAFE, throw by RF made to third
|
Now in RF: Juan DeLiza
|
|
Batting: RHB Jim G Wilson
|
0-0: Swinging Strike 0-1: Ball 1-1: Called Strike 1-2: Strikes out looking
|
Pinch Hitting: LHB Jon Jimenez
|
0-0: Ball 1-0: Swinging Strike 1-1: Fly out, F6 (Popup, 56D, EV 68.1 MPH)
|
Pinch Hitting: LHB Manny Leal
|
0-0: Foul Ball, location: 2F 0-1: Foul Ball, location: 2F 0-2: Ball 1-2: Foul Ball, location: 2F 1-2: Strikes out looking
|
Bottom of the 9th over - 0 runs, 1 hit, 0 errors, 2 left on base; Seattle 3 - Toronto 2 |
|